 Dungeon Crawl Stone Soup version 0.32-a0-128-g77eb882913 (webtiles) character file.

Game seed: 14574699891090796868

170 horus123 the Digger (level 5, 0/28 HPs)
             Began as a Deep Elf Earth Elementalist on Feb 8, 2024.
             Slain by a black bear (3 damage)
             ... on level 4 of the Dungeon.
             The game lasted 00:04:01 (2691 turns).

horus123 the Digger (Deep Elf Earth Elementalist)   Turns: 2691, Time: 00:04:01

Health: 0/28       AC:  3    Str:  5    XL:     5   Next: 25%
Magic:  13/14      EV: 12    Int: 22    God:
Gold:   195        SH:  0    Dex: 15    Spells: 10/14 levels left

rFire   . . .        r - +3 short sword
rCold   . . .        (no shield)
rNeg    + . .        a - +0 robe
rPois   .            (no helmet)
rElec   .            g - +0 cloak
rCorr   .            (no gloves)
SInv    .            (no boots)
Will    .....        u - amulet of magic regeneration
Stlth   ++           q - ring of flight
HPRegen 0.24/turn    s - ring of positive energy
MPRegen 0.54/turn

%: no passive effects
@: flying
A: no striking features
a: no special abilities


You were on level 4 of the Dungeon.
You visited 1 branch of the dungeon, and saw 4 of its levels.

You collected 195 gold pieces.

Inventory:

Hand Weapons
 r - a +3 short sword (weapon)
Armour
 a - a +0 robe (worn)
 e - an orb of energy
 g - a +0 cloak (worn)
 j - a +0 buckler
Jewellery
 q - a ring of flight (left hand)
 s - a ring of positive energy (right hand)
 u - an amulet of magic regeneration (around neck)
Wands
 o - a wand of flame (19)
 p - a wand of iceblast (12)
Scrolls
 h - a scroll of enchant armour {unknown}
 i - 2 scrolls of fear
 k - a scroll of enchant weapon {unknown}
 l - a scroll of fog
 m - a scroll of blinking {unknown}
 t - a scroll of vulnerability {unknown}
 v - a scroll of torment {unknown}
 w - a scroll of amnesia {unknown}
 x - a scroll of acquirement {unknown}
Potions
 b - a potion of magic
 c - 2 potions of brilliance {unknown}
 d - a potion of curing {unknown}
 f - 2 potions of might {unknown}
 n - a potion of heal wounds {unknown}


   Skills:
 - Level 2.4 Dodging
 - Level 2.4 Stealth
 - Level 5.0 Spellcasting
 - Level 1.1 Conjurations
 + Level 5.7 Earth Magic


You had 10 spell levels left.
You knew the following spells:

 Your Spells              Type           Power      Damage    Failure   Level
a - Sandblast             Erth           60%        2d14      1%          1
b - Stone Arrow           Conj/Erth      40%        3d9       8%          3

Your spell library contained the following spells:

 Spells                   Type           Power      Damage    Failure   Level
 Passwall                 Erth           30%        N/A       3%          3
 Apportation              Tloc           10%        N/A       10%         1
 Jinxbite                 Hex            10%        N/A       16%         2
 Brom's Barrelling Bould  Conj/Erth      20%        2d4       26%         4
 Petrify                  Alch/Erth      18%        N/A       30%         4
 Alistair's Intoxication  Alch           3%         N/A       95%         5


Dungeon Overview and Level Annotations

Branches:
Dungeon (3/15)             Temple (0/1) D:4

Altars:
Ru

Shops:
D:4 *


Message History

You hit the orc wizard.
The orc wizard is heavily wounded.
The orc wizard closely misses you.
Aiming: Sandblast (safe; 1% risk of failure)
Press: ? - help, Q - select action, (/) - cycle Shift-Dir - straight line, f/p - orc wizard
Aim: an orc wizard, wielding a +0 dagger and wearing a +0 robe (heavily wounded, 79% to hit)
The blast of sand hits the orc wizard!
You kill the orc wizard!
Aiming: Sandblast (safe; 1% risk of failure)
Press: ? - help, Q - select action, (/) - cycle Shift-Dir - straight line, f - black bear
Aim: a black bear (88% to hit)
The blast of sand hits the black bear!
The black bear is moderately wounded.
Unknown command.
Aiming: Sandblast (safe; 1% risk of failure)
Press: ? - help, Q - select action, (/) - cycle Shift-Dir - straight line, f/p - black bear
Aim: a black bear (moderately wounded, 88% to hit)
The blast of sand misses the black bear.
The black bear bites you.
The black bear claws you but does no damage.
The black bear claws you.
Aiming: Sandblast (safe; 1% risk of failure)
Press: ? - help, Q - select action, (/) - cycle Shift-Dir - straight line, f/p - black bear
Aim: a black bear (moderately wounded, 88% to hit)
The blast of sand hits the black bear!!
The black bear is almost dead.
The black bear goes berserk!
The black bear bites you! The black bear claws you.
* * * LOW HITPOINT WARNING * * *
The black bear claws you.
* * * LOW HITPOINT WARNING * * *
Aiming: Sandblast (safe; 1% risk of failure)
Press: ? - help, Q - select action, (/) - cycle Shift-Dir - straight line, f/p - black bear
Aim: a black bear (almost dead, berserk, 88% to hit)
The blast of sand hits the black bear.
The black bear is almost dead.
The black bear bites you.
* * * LOW HITPOINT WARNING * * *
The black bear claws you.
You die...

#...#.#..# .........
.[.#.#..# ###
.......>### #..
#>......... #.##.#
#........ #.##.#
#).o.....
#.##.#######.##.#
#...........Bh@.# #
#........)..(##.#
###..#.##...........
.##..#.##.............
.......##...###.......#
.###.####..##.###...###
......# #..#.#. .©##
####..# #..## ## ###
.###..# ...


You could see a black bear (berserk) and a bombardier beetle.

Vanquished Creatures
  An orc wizard (D:4)
  2 iguanas (D:4)
  2 adders
  2 ribbon worms (D:2)
  A dart slug (D:1)
  3 orcs (D:4)
  7 ball pythons
  5 endoplasms
  A giant cockroach (D:2)
  A goblin (D:1)
  9 hobgoblins
  3 jackals (D:2)
  6 kobolds
  A quokka (D:4)
  11 bats
  2 frilled lizards (D:2)
  5 rats
62 creatures vanquished.

Notes
Turn   | Place    | Note
-------+----------+-------------------------------------------
     0 | D:1      | horus123 the Deep Elf Earth Elementalist began the quest
                  | for the Orb.
     0 | D:1      | Reached XP level 1. HP: 10/10 MP: 6/6
   185 | D:1      | Reached XP level 2. HP: 15/15 MP: 7/9
   882 | D:1      | Reached XP level 3. HP: 19/19 MP: 9/11
  1047 | D:2      | Learned a level 3 spell: Stone Arrow
  1133 | D:2      | Reached skill level 5 in Spellcasting
  1788 | D:2      | Reached XP level 4. HP: 24/24 MP: 9/13
  2467 | D:3      | Found a faded altar of an unknown god.
  2470 | D:3      | Found a sacrificial altar of Ru.
  2542 | D:3      | You are sucked into a shaft and drop 1 floor!
  2542 | D:4      | Found Voas's Elemental Accessories.
  2606 | D:4      | Reached skill level 5 in Earth Magic
  2608 | D:4      | Reached XP level 5. HP: 17/28 MP: 12/14
  2651 | D:4      | Found a staircase to the Ecumenical Temple.
  2678 | D:4      | Noticed a black bear
  2691 | D:4      | Slain by a black bear

Illustrated notes

Levels and vault maps discovered:
D:1:      minmay_arrival_wavy_path, layout_loops_cross, serial_aquarium,
          aquarium_bridge_straight [aquarium_subvault_bridge,
          aquarium_subvault_window, aquarium_subvault_bridge,
          aquarium_subvault_window], aquarium_bridge_straight
          [aquarium_subvault_bridge, aquarium_subvault_balcony,
          aquarium_subvault_bridge, aquarium_subvault_wall], aquarium_window_2,
          aquarium_window_fake, aquarium_window_corner, aquarium_view_2c,
          aquarium_pool_1
D:2:      layout_loops_corners
D:3:      layout_basic, nicolae_overflow_ecumenical_swirl
D:4:      layout_loops_ring, slow_altar_2, minmay_temple_entry_butterflies,
          gammafunk_ghost_abyssal_escape, st_stairs_3, nicolae_elemental_shop

Skill      XL: |  1  2  3  4 |
---------------+-------------+-----
Spellcasting   | 4 5 |  5.0
Earth Magic    | 4 5 |  5.7
Dodging        | |  2.4
Stealth        | |  2.4
Conjurations   | |  1.1

Action                     |  1- 3 |  4- 6 || total
---------------------------+-------+-------++-------
  Melee: Short sword       |       |     4 ||     4
   Cast: Sandblast         |    70 |    26 ||    96
    Use: Scroll            |     2 |     1 ||     3
 Armour: Robe              |    13 |    15 ||    28
  Dodge: Dodged            |    21 |     7 ||    28

Table legend: (Time is in decaauts)
 A = Elapsed time spent in this place.
 B = Non-inter-level travel time spent in this place.
 C = Inter-level travel time spent in this place.
 D = Time resting spent in this place.
 E = Time spent auto-exploring this place.
 F = Levels seen in this place.
 G = Mean time per level.
                   A        B        C        D        E       F      G
               +--------+--------+--------+--------+--------+-----+--------+
         Total |   2735 |   2681 |     54 |      0 |   2266 |   4 |  683.8 |
       Dungeon |   2735 |   2681 |     54 |      0 |   2266 |   4 |  683.8 |
               +--------+--------+--------+--------+--------+-----+--------+

Top non-repeatable levels by time:
     D:2: 1145 daAuts
     D:1: 1059 daAuts
     D:3: 373 daAuts
     D:4: 157 daAuts
